 Dungeon Crawl Stone Soup version 0.29.0-11-gd7f09526c8 (webtiles) character file.

Game seed: 17953078675601938077

3797 Acheron the Grappler (level 9, -16/83 HPs)
             Began as a Troll Conjurer on Sept 2, 2022.
             Was a Follower of Nemelex Xobeh.
             Demolished by a white ugly thing (22 damage)
             ... on level 8 of the Dungeon.
             The game lasted 00:39:08 (5183 turns).

Acheron the Grappler (Troll Conjurer)               Turns: 5183, Time: 00:39:09

Health: -16/83     AC: 11    Str: 17    XL:     9   Next: 96%
Magic:  10/10      EV: 12    Int: 14    God:    Nemelex Xobeh [*.....]
Gold:   369        SH:  0    Dex: 12    Spells: 7/10 levels left

rFire   . . .      SeeInvis .     - Unarmed
rCold   . . .      Faith    .   (no shield)
rNeg    + . .      Spirit   .   B - +0 steam dragon scales
rPois   .          Reflect  .   (helmet restricted)
rElec   .          Harm     .   (no cloak)
rCorr   .          Rampage  .   (gloves unavailable)
Will    .....                   (boots unavailable)
Stlth   ++........              (no amulet)
HPRegen 1.03/turn               a - +4 ring of protection
MPRegen 0.12/turn               o - ring of positive energy

@: studying Dodging
A: large, unfitting armour, claws 3, regeneration 1, shaggy fur 1, tough skin 1
a: Renounce Religion, Draw Escape, Draw Destruction, Draw Summoning


You were on level 8 of the Dungeon.
You worshipped Nemelex Xobeh.
Nemelex Xobeh was aware of your devotion.
You visited 2 branches of the dungeon, and saw 9 of its levels.

You collected 369 gold pieces.

Inventory:

Hand Weapons
 t - a +2 whip of electrocution
 u - a +0 war axe
 x - a +4 short sword of venom
 D - a +4 scimitar of flaming
Missiles
 n - 17 poisoned darts (quivered)
 q - a throwing net
 v - 8 curare-tipped darts
 F - 6 javelins
Armour
 B - +0 steam dragon scales (worn)
 E - a +1 robe of willpower
Jewellery
 a - a +4 ring of protection (left claw)
 e - a ring of resist corrosion
 o - a ring of positive energy (right claw)
 w - a ring of flight
Wands
 g - a wand of iceblast (13)
 h - a wand of paralysis (10)
 y - a wand of mindburst (11)
Scrolls
 r - 3 scrolls of enchant weapon
 A - a scroll of poison
Potions
 b - a potion of magic
 c - 3 potions of lignification
 d - 2 potions of degeneration {unknown}
 f - 2 potions of berserk rage
 i - 7 potions of curing
 j - 4 potions of might
 k - 2 potions of haste {unknown}
 l - 3 potions of resistance {unknown}
 m - a potion of brilliance {unknown}
 p - 2 potions of mutation
 s - a potion of flight {unknown}
 z - 2 potions of heal wounds {unknown}


   Skills:
 * Level 3.4 Fighting
 * Level 1.6 Throwing
 * Level 6.5 Dodging
 * Level 3.2 Stealth
 * Level 9.6 Unarmed Combat
 + Level 1.4 Spellcasting
 * Level 3.8 Conjurations
 * Level 1.9 Invocations
 * Level 1.4 Evocations


You had 7 spell levels left.
You knew the following spells:

 Your Spells              Type           Power      Damage    Failure   Level
a - Magic Dart            Conj           44%        1d5       5%          1
b - Searing Ray           Conj           22%        2d5       8%          2

Your spell library contained the following spells:

 Spells                   Type           Power      Damage    Failure   Level
 Summon Small Mammal      Summ           0%         N/A       26%         1
 Dazzling Flash           Conj/Hex       12%        N/A       34%         3
 Call Canine Familiar     Summ           0%         N/A       58%         3
 Summon Guardian Golem    Hex/Summ       0%         N/A       58%         3
 Fulminant Prism          Conj/Hex       3%         3d6       75%         4
 Iskenderun's Mystic Bla  Conj/Tloc      6%         2d4       75%         4
 Iskenderun's Battlesphe  Conj           11%        2d7       82%         5
 Agony                    Necr           0%         N/A       100%        5
 Silence                  Hex/Air        0%         N/A       100%        5
 Iron Shot                Conj/Erth      3%         9d2       100%        6
 Spellforged Servitor     Conj/Summ      3%         N/A       100%        7


Dungeon Overview and Level Annotations

Branches:
Dungeon (8/15)             Temple (1/1) D:7
   Lair: D:8-11

Altars:
Ashenzari
Dithmenos
Elyvilon
Gozag
Hepliaklqana
Kikubaaqudgha
Nemelex Xobeh
Okawaru
Qazlal
Ru
Sif Muna
Trog
Vehumet
Wu Jian
Xom
Yredelemnul
Zin
Lugonu

Shops:
D:2 [:*   D:3 :   D:6 [   D:8 *

Annotations:
D:5 exclusions: downstairs and upstairs
D:6 exclusion: downstairs
D:7 exclusion: downstairs


Innate Abilities, Weirdness & Mutations

You are too large for most types of armour.
You have claws for hands.
Your natural rate of healing is unusually fast.
You are covered in fur. (AC +1)
You have tough skin. (AC +1)


Message History

You hear a shout! x2; You hear an angry hiss.
A gnoll comes into view. It is wielding a +0 whip.
You hear a shout!
An orc wizard comes into view. It is wielding a +0 dagger.
The gnoll hits you but does no damage.
The yak bellows!
You claw the gnoll!
The gnoll is almost dead.
You hear a shout!
The gnoll barely misses you.
A gnoll comes into view. It is wielding a +0 halberd.
You claw the gnoll!
You kill the gnoll!
You mangle the necrophage!!
The necrophage is severely damaged.
The necrophage completely misses you.
You claw the necrophage!
You destroy the necrophage!
You draw a card...
You have drawn the Orb.
Press: ? - help, Shift-Dir - straight line, f - white ugly thing
Aim: a white ugly thing Your orb of destruction hits a rock wall. x4
The deck of cards disappears without a trace.
The orc wizard mumbles some strange words.
The orc wizard flickers and vanishes!
Deactivating autopickup; reactivate with Ctrl-A.
The white ugly thing trunk-slaps you! The white ugly thing freezes you!!
An orc comes into view.
It is wielding a +1 rapier of protection.
Your orb of destruction hits a rock wall.
The white ugly thing attacks as you move away!
The white ugly thing trunk-slaps you. The white ugly thing freezes you!!
* * * LOW HITPOINT WARNING * * *
A gnoll comes into view. It is wielding a +0 flail.
The white ugly thing attacks as you move away!
The white ugly thing trunk-slaps you!
* * * LOW HITPOINT WARNING * * *
The white ugly thing freezes you!!
You die...
Your body disappears without a glow.

#############
##...........###################
.................#§)).......§.g#
#.....######.###.#.###########F#
......# ........#.# #.# ......#
###.......# #.# ......#
#.##..### #.# .##.#.#
#.##.@######### #{# .##.#.#
#....○u.g.YYg>. #g# ###.#.#
#.##..#####.g...###F## #.#.# #
##.# .......c.. #.#.# #o#
...c###.## #.#.# #.# .. #z## #.#
#... #.. ###. #. ..#####Y


You could see a white ugly thing, 2 yaks, 3 gnolls and an orc.

Vanquished Creatures
  Erica (D:8)
  2 yaks
  A steam dragon (D:7)
  Menkaure (D:6)
  3 water moccasins
  A sky beast (D:8)
  An orc warrior (D:7)
  2 black bears
  3 centaurs
  An ogre (D:5)
  A phantom (D:5)
  3 kobold brigands
  2 bullfrogs (D:8)
  2 necrophages
  2 scorpions (D:7)
  A wight (D:8)
  3 killer bees
  2 howler monkeys
  An orc priest (D:5)
  2 jellies (D:5)
  A gnoll bouda (D:8)
  8 hounds
  An iguana (D:5)
  Natasha (thrice) (D:2)
  An orc wizard (D:5)
  9 gnolls
  9 adders
  3 shadow imps
  2 white imps (D:7)
  3 ufetubi
  2 worms
  2 dart slugs
  13 orcs
  5 endoplasms
  2 giant cockroaches
  5 goblins
  3 hobgoblins (D:1)
  6 jackals
  13 kobolds
  6 quokkas
  8 ball pythons
  4 frilled lizards
  6 rats
150 creatures vanquished.

Notes
Turn   | Place    | Note
-------+----------+-------------------------------------------
     0 | D:1      | Acheron the Troll Conjurer began the quest for the Orb.
     0 | D:1      | Reached XP level 1. HP: 16/16 MP: 1/1
   126 | D:2      | Reached XP level 2. HP: 20/24 MP: 2/2
   505 | D:1      | Reached skill level 1 in Unarmed Combat
   639 | D:1      | Reached XP level 3. HP: 30/32 MP: 3/3
   857 | D:2      | Noticed Natasha
   945 | D:2      | Found Wot Pumi's Antique Armour Shoppe.
   945 | D:2      | Found Eruziun's Book Boutique.
   998 | D:2      | Found Mimiude's Assorted Antiques.
  1012 | D:2      | Reached XP level 4. HP: 40/40 MP: 4/4
  1096 | D:2      | Killed Natasha
  1159 | D:3      | Reached skill level 2 in Unarmed Combat
  1223 | D:2      | Found a basalt altar of Yredelemnul.
  1270 | D:2      | Noticed Natasha
  1278 | D:2      | Killed Natasha
  1279 | D:2      | Reached skill level 1 in Fighting
  1284 | D:2      | Noticed Natasha
  1293 | D:2      | Killed Natasha
  1294 | D:2      | Reached XP level 5. HP: 42/48 MP: 5/5
  1450 | D:2      | Found a faded altar of an unknown god.
  1570 | D:3      | Reached skill level 3 in Unarmed Combat
  1635 | D:4      | Found a shimmering blue altar of Sif Muna.
  1718 | D:3      | Found Coren's Book Emporium.
  1869 | D:4      | You fall into a shaft and drop 1 floor!
  1869 | D:5      | Entered Level 5 of the Dungeon
  1895 | D:5      | Noticed a yak
  1901 | D:5      | Noticed a phantom
  1936 | D:5      | Reached XP level 6. HP: 55/55 MP: 6/6
  1952 | D:6      | Found Tusuypnu's Antique Armour Shop.
  1953 | D:6      | Found a white marble altar of Elyvilon.
  2128 | D:7      | Found a staircase to the Ecumenical Temple.
  2149 | Temple   | Entered the Ecumenical Temple
  2260 | Temple   | Became a worshipper of Nemelex Xobeh the Trickster
  2377 | D:6      | Noticed a water moccasin
  2405 | D:5      | Reached skill level 4 in Unarmed Combat
  2424 | D:6      | Noticed Menkaure
  2434 | D:5      | Noticed a water moccasin
  2444 | D:5      | Noticed a moth of wrath
  2465 | D:5      | Killed a water moccasin
  2488 | D:5      | Found a bloodstained altar of Trog.
  2530 | D:5      | Reached XP level 7. HP: 48/63 MP: 7/7
  2531 | D:5      | Found a radiant altar of Vehumet.
  2541 | D:5      | Reached skill level 5 in Unarmed Combat
  2724 | D:5      | Killed a yak
  2725 | D:5      | Reached skill level 6 in Unarmed Combat
  2746 | D:5      | Reached XP level 8. HP: 56/72 MP: 8/8
  3048 | D:5      | Reached skill level 7 in Unarmed Combat
  3217 | D:4      | Reached * piety under Nemelex Xobeh
  3306 | D:6      | Killed Menkaure
  3519 | D:6      | Received a gift from Nemelex Xobeh
  3531 | D:6      | Reached skill level 5 in Dodging
  3707 | D:6      | Found an iron altar of Okawaru.
  3845 | D:6      | Reached skill level 8 in Unarmed Combat
  4071 | D:6      | Learned a level 2 spell: Searing Ray
  4171 | D:7      | Reached XP level 9. HP: 66/81 MP: 8/10
  4315 | D:8      | Noticed Erica
  4692 | D:7      | Reached skill level 1 in Throwing
  4692 | D:7      | Reached skill level 1 in Invocations
  4782 | D:7      | Found a hazy altar of Hepliaklqana.
  4874 | D:8      | Reached skill level 1 in Evocations
  4890 | D:8      | Found a shadowy altar of Dithmenos.
  4947 | D:8      | Found Loolirr's Assorted Antiques.
  4964 | D:8      | Killed Erica
  4965 | D:8      | Reached skill level 9 in Unarmed Combat
  5173 | D:8      | Noticed a white ugly thing
  5183 | D:8      | Demolished by a white ugly thing

Illustrated notes

Levels and vault maps discovered:
D:1:      minmay_arrival_glassed_features, layout_basic
D:2:      layout_rooms, hellmonk_ecumenical_altar_slurped_away, serial_shops,
          nicolae_diamond_shop, shop, shop, minmay_hexomino_r4, uniq_natasha
D:3:      layout_rooms, serial_shops, shop
D:4:      layout_rooms, chequers_temple_overflow_minitemple,
          mainiacjoe_overflow_catwalk, mainiacjoe_overflow_six_doors_small
D:5:      layout_rooms, tgw_trog, lemuel_doored_altar, minmay_manual_monstrance
D:6:      layout_loops_ring, mainiacjoe_overflow_24_doors,
          mainiacjoe_overflow_boulevard, serial_shops, nicolae_diamond_shop,
          uniq_menkaure
D:7:      layout_rooms, lemuel_coloured_pillars_altar,
          minmay_temple_entry_butterflies, minmay_misc_feat_chi,
          minmay_splitting_lines
D:8:      layout_loops_ring, nicolae_dithmenos_the_darkroom,
          mainiacjoe_overflow_alcove_1, serial_shops, nicolae_shop_hallway_plus,
          minmay_pinched_square, uniq_erica
Temple:   kb_corrupted_temple

Skill      XL: |  1  2  3  4  5  6  7  8  9 |
---------------+----------------------------+-----
Conjurations   | 3 |  3.8
Unarmed Combat | 1 2 3 4 6 8 9 |  9.6
Dodging        | 2 3 5 6 |  6.5
Fighting       | 1 2 3 |  3.4
Stealth        | 2 3 |  3.2
Throwing       | 1 |  1.6
Invocations    | 1 |  1.9
Evocations     | 1 |  1.4
Spellcasting   | |  1.4

Action                   |  1- 3 |  4- 6 |  7- 9 || total
-------------------------+-------+-------+-------++-------
Melee: Unarmed           |   112 |   162 |   269 ||   543
       Punch             |     1 |     2 |     9 ||    12
Throw: Dart              |       |       |     4 ||     4
 Cast: Magic Dart        |       |     2 |    10 ||    12
Invok: Draw Destruction  |       |       |     3 ||     3
       Draw Summoning    |       |       |     1 ||     1
  Use: Scroll            |     2 |     9 |     5 ||    16
       Potion            |       |     1 |       ||     1
 Stab: Sleeping          |       |     4 |     2 ||     6
Armor: Robe              |    36 |    43 |    52 ||   131
       Steam dragon scal |       |       |    28 ||    28
Dodge: Dodged            |    66 |    68 |   143 ||   277
